 Dungeon Crawl Stone Soup version bcrawl-1.21.3-16-g7f46a08de7 (webtiles) character file.

Game seed: 12839436361622793830

212 Anathary the Shield-Bearer (level 5, 0/33 HPs)
             Began as a Vine Stalker Fighter on May 3, 2020.
             Slain by an ogre
             ... wielding a +0 giant spiked club
              (3 damage)
             ... on level 4 of the Dungeon.
             The game lasted 00:08:02 (2640 turns).

Anathary the Shield-Bearer (Vine Stalker Fighter)   Turns: 2640, Time: 00:08:02

Health: 0/33       AC:  8    Str: 19    XL:     5   Next: 89%
Magic:  6/6        EV:  7    Int:  8    God:
Gold:   204        SH: 10    Dex: 14    Spells: 4/4 levels left

rFire    . . .     SeeInvis .   a - +0 long sword
rCold    . . .     Gourm    .   c - +0 medium shield
rNeg     . . .     Faith    .   b - +0 scale mail
rPois    .         Spirit   .   j - +0 helmet
rElec    .         Reflect  .   (no cloak)
rCorr    .         Harm     .   q - +0 pair of gloves (curse)
MR       .....                  (no boots)
Stlth    ..........             (no amulet)
HPRegen  0.51/turn              (no ring)
MPRegen  0.10/turn              (no ring)

@: no status effects
A: fangs 2, regeneration 1, no potion heal 3, rot immunity, strong jaws
a: no special abilities


You were on level 4 of the Dungeon.
You were not hungry.

You visited 1 branch of the dungeon, and saw 4 of its levels.

You collected 204 gold pieces.

Inventory:

Hand Weapons
 a - a +0 long sword (weapon)
Armour
 b - a +0 scale mail (worn)
 c - a +0 medium shield (worn)
 j - a +0 helmet (worn)
 q - a cursed +0 pair of gloves (worn)
Jewellery
 o - a +5 ring of strength {unknown}
Wands
 s - a wand of paralysis (24)
 u - a wand of disintegration (16)
Scrolls
 f - 4 scrolls of teleportation {unknown}
 h - 2 scrolls of amnesia {unknown}
 i - a scroll of immolation {unknown}
 l - 6 scrolls of identify {unknown}
 m - 3 scrolls of remove curse {unknown}
Potions
 d - 2 potions of might
 g - 3 potions of curing {unknown}
 k - a potion of invisibility {unknown}
 n - 3 potions of mutation {unknown}
 p - a potion of heal wounds {unknown}
 r - a potion of haste {unknown}
Comestibles
 e - 2 rations {!d}
 t - 2 chunks of flesh


   Skills:
 + Level 3.9 Fighting
 + Level 3.3 Long Blades
 - Level 2.4 Armour
 + Level 1.0 Dodging
 + Level 3.9 Shields


You had 4 spell levels left.
You didn't know any spells.
Your spell library was empty.

Dungeon Overview and Level Annotations

Branches:
Dungeon (4/12)
 Temple: D:4-7

Altars:
Ru
Sif Muna
Yredelemnul

Annotations:
D:3 1 transporter


Innate Abilities, Weirdness & Mutations

You have extremely sharp teeth.
Your natural rate of healing is unusually fast.
Potions cannot restore your health.
You are immune to rotting.
Your bites deal extra damage.


Message History

You bite the gnoll.
The gnoll is moderately wounded.
You block the gnoll's attack.
You slash the gnoll!
You kill the gnoll!
Things that are here:
a +0 club; a gnoll corpse You slash the ogre!
The ogre is moderately wounded.
The ogre barely misses you.
You hit the ogre.
The ogre is heavily wounded.
The ogre hits you with a +0 giant spiked club!!
Ouch! That really hurt!
* * * LOW HITPOINT WARNING * * *
You hear a shout!
You hit the ogre.
The ogre is severely wounded.
The ogre hits you with a +0 giant spiked club.
You die...

#...# . #...# ... #...##
.....#######..?.#
..........##....#
.....####).#....# ...
##.##...# . ##O.#...##
#.@......#
#........##########
.......(................
######..........###.####
#..........# #.# #
#..........# #.# #
#$.......### #.# #
#........# #.# #
#........# #.# #


You could see an ogre.

Vanquished Creatures
  A crimson imp (D:4)
  A worker ant (D:3)
  A gnoll (D:4)
  4 adders
  2 oozes
  An adder skeleton (D:4)
  4 worms
  2 dart slugs
  7 leopard geckos
  An orc (D:3)
  4 giant cockroaches
  8 goblins
  11 hobgoblins
  A jackal (D:1)
  A quokka (D:2)
  A ball python (D:2)
  6 bats
  2 frilled lizards (D:2)
  9 kobolds
  10 rats
77 creatures vanquished.

Notes
Turn   | Place    | Note
-------+----------+-------------------------------------------
     0 | D:1      | Anathary the Vine Stalker Fighter began the quest for the
                  | Orb.
     0 | D:1      | Reached XP level 1. HP: 13/13 MP: 2/2
   107 | D:1      | Reached XP level 2. HP: 18/19 MP: 3/3
   591 | D:1      | Reached XP level 3. HP: 23/23 MP: 4/4
  1189 | D:2      | Found a sacrificial altar of Ru.
  1201 | D:2      | Found a shimmering blue altar of Sif Muna.
  1206 | D:2      | Found a basalt altar of Yredelemnul.
  1238 | D:2      | Reached XP level 4. HP: 28/28 MP: 5/5
  2049 | D:3      | Reached XP level 5. HP: 32/32 MP: 6/6
  2247 | D:3      | Reached skill level 1 in Dodging
  2470 | D:3      | Noticed a phantom
  2471 | D:3      | Found a transporter.
  2628 | D:4      | Noticed an ogre
  2640 | D:4      | Slain by an ogre

Skill      XL: |  1  2  3  4  5 |
---------------+----------------+-----
Fighting       | 3 |  3.9
Long Blades    | 2 3 |  3.3
Shields        | 3 |  3.9
Dodging        | 1 |  1.0
Armour         | |  2.4

Action                   |  1- 3 |  4- 6 || total
-------------------------+-------+-------++-------
Melee: Long sword        |   118 |   159 ||   277
       Bite              |    10 |    20 ||    30
  Eat: Ration            |     1 |       ||     1
       Chunk             |       |     3 ||     3
Armor: Scale mail        |    44 |    71 ||   115
Dodge: Dodged            |    34 |    43 ||    77
Block: Medium shield     |    60 |    79 ||   139
